Map: Newkirk Precinct TE (Void)

Players

Musumeci

  • Race: Zerg Zerg
  • League: Diamond
  • Spawn Location: 7:00

pOwl - Winner!

  • Race: Zerg Zerg
  • League: Diamond
  • Spawn Location: 5:00

VOD

Have the link to the VOD?

Description

Time

  • Played on: Jan. 7, 2017, 7:19 a.m.
  • Length: 18:31
Show
View Real Time Build Order
Export as new Build Order

Musumeci Zerg 

Build Orders: Hatch First, Zergling Baneling 

Get SALT Encoding   

  12  0:01  Drone  
  13  0:13  Overlord  
  13  0:19  Drone  
  14  0:25  Drone, Extractor  
  15  0:33  Drone  
  15  0:35  Drone  
  17  0:58  Hatchery  
  17  1:02  Drone  
  17  1:06  Drone, Extractor  
  17  1:22  Spawning Pool  
  16  1:31  Drone x3  
  18  1:42  Drone  
  19  1:52  Drone  
  20  2:03  Overlord  
  20  2:08  Queen  
  20  2:10  Queen  
  20  2:11  Drone  
  25  2:18  Metabolic Boost  
  25  2:22  Drone  
  26  2:24  Drone  
  26  2:28  Drone  
  28  2:34  Baneling Nest  
  27  2:38  Zergling x2  
  29  2:44  Zergling x2  
  29  2:57  Overlord  
  29  3:03  Drone x3  
  29  3:04  Drone  
  33  3:06  Extractor  
  33  3:08  Lair  
  32  3:17  Overlord  
  32  3:20  Drone  
  33  3:33  Zergling x8  
  36  3:42  Zergling x8  
  40  3:51  Baneling  
  40  3:52  Baneling x6  
  35  4:19  Zergling x6  
  35  4:20  Zergling x10  
  43  4:27  Baneling  
  43  4:28  Baneling x4  
  41  4:49  Zergling x4  
  41  4:51  Hatchery  
  42  5:06  Baneling  
  41  5:07  Baneling x2  
  41  5:08  Baneling  
  37  5:34  Baneling x3  
  37  5:35  Zergling x12  
  42  5:38  Drone x2  
  42  5:39  Spire  
  38  5:52  Zergling x2  
  38  5:53  Zergling x4  
  41  5:57  Baneling x3  
  41  6:06  Baneling x2, Zergling x8  
  41  6:09  Extractor  
  41  6:10  Drone  
  41  6:11  Drone x2  
  47  6:14  Extractor  
  46  6:24  Drone x2  
  48  6:30  Drone x2  
  50  6:54  Overlord x3  
  39  7:13  Mutalisk x5  
  46  7:24  Mutalisk  
  46  7:29  Drone x6  
  53  7:31  Spine Crawler  
  53  7:33  Spine Crawler  
  53  7:34  Spine Crawler, Queen  
  53  7:36  Drone  
  53  7:43  Mutalisk  
  55  7:55  Spine Crawler  
  55  7:56  Spine Crawler  
  53  7:58  Drone x2  
  53  8:00  Extractor  
  54  8:16  Mutalisk  
  54  8:17  Mutalisk x2  
  54  8:19  Zergling x2  
  62  8:20  Zergling x4  
  63  8:40  Mutalisk x3  
  69  8:54  Zergling x10  
  74  9:09  Hatchery  
  73  9:21  Overlord x2  
  73  9:32  Baneling x2  
  73  9:33  Baneling x2  
  73  9:34  Overlord  
  73  9:41  Drone x3  
  73  9:42  Drone  
  77  9:46  Drone  
  74  10:13  Zergling x2  
  74  10:14  Zergling x14  
  70  10:23  Drone x7  
  70  10:27  Drone  
  68  10:39  Drone  
  68  10:40  Drone x5  
  74  10:50  Corruptor  
  74  10:51  Drone x3  
  79  11:04  Drone x3  
  79  11:05  Drone  
  83  11:30  Extractor  
  83  11:31  Drone x2  
  84  11:34  Drone x4  
  84  11:36  Zerg Flyer Weapons Level 1  
  87  11:56  Mutalisk x4  
  87  11:57  Mutalisk  
  87  11:59  Overlord x5  
  95  12:18  Mutalisk x14  
  118  12:39  Zergling x24  
  130  12:56  Infestation Pit  
  129  12:58  Mutalisk x2  
  129  12:59  Hatchery, Mutalisk  
  129  13:03  Zergling x8  
  129  13:04  Baneling  
  129  13:05  Baneling x14  
  138  13:09  Extractor  
  137  13:13  Extractor  
  107  14:17  Drone x11  
  107  14:18  Drone x3  
  107  14:19  Drone x3  
  124  14:27  Baneling x4  
  124  14:31  Evolution Chamber  
  124  14:33  Hive  
  124  14:34  Evolution Chamber  
  122  14:43  Baneling  
  122  14:44  Baneling x3  
  120  15:19  Zergling x10, Overlord  
  120  15:20  Overlord x6  
  125  15:22  Zerg Melee Weapons Level 1, Zerg Ground Armor Level 1  
  125  15:35  Baneling  
  125  15:36  Baneling x11, Overlord x4, Corruptor  
  125  15:37  Overlord x3  
  125  15:51  Centrifical Hooks  
  123  15:57  Extractor  
  100  16:15  Zergling x2  
  100  16:16  Zergling x52  
  100  16:17  Zergling x4  
  127  16:20  Greater Spire  
  127  16:25  Corruptor x6  
  136  16:35  Baneling x4  
  136  16:36  Baneling x3  
  136  16:38  Baneling x4  
  107  17:19  Overlord, Corruptor x2  
  98  17:34  Brood Lord x7  
  101  17:38  Corruptor  
  87  17:46  Spine Crawler  
  87  17:47  Spine Crawler  
  87  17:48  Spine Crawler  
  70  17:53  Hatchery  
  69  18:00  Brood Lord  
  69  18:05  Hatchery  
Show
View Real Time Build Order
Export as new Build Order

pOwl Zerg - Winner!

Build Orders: Hatch First, Zergling Baneling 

Get SALT Encoding   

  12  0:02  Drone  
  13  0:13  Overlord  
  13  0:18  Drone  
  14  0:32  Drone x2  
  16  0:36  Drone  
  17  0:55  Hatchery  
  16  0:59  Drone  
  17  1:12  Spawning Pool  
  17  1:13  Extractor  
  17  1:16  Drone  
  16  1:22  Drone x2  
  18  1:30  Drone  
  19  1:40  Overlord  
  19  1:50  Drone  
  20  1:58  Queen  
  20  2:01  Zergling x2  
  23  2:07  Queen  
  23  2:08  Drone  
  26  2:12  Drone  
  27  2:17  Metabolic Boost  
  27  2:21  Drone  
  28  2:24  Drone  
  28  2:29  Drone  
  30  2:33  Drone  
  31  2:41  Overlord  
  31  2:45  Drone  
  31  2:50  Baneling Nest  
  31  2:52  Zergling x2  
  32  3:02  Zergling x4  
  34  3:08  Zergling x8  
  38  3:12  Overlord  
  38  3:16  Zergling x2  
  38  3:17  Zergling x4  
  38  3:19  Zergling x2  
  42  3:25  Zergling x2  
  43  3:33  Zergling x2  
  44  3:37  Zergling x2  
  44  3:40  Zergling x2  
  46  3:46  Zergling x6  
  46  3:47  Overlord  
  49  3:51  Baneling x8  
  49  4:09  Zergling x6  
  49  4:10  Zergling x4  
  47  4:20  Zergling x2  
  47  4:21  Zergling x6  
  51  4:27  Overlord  
  46  4:41  Zergling x6  
  46  4:44  Baneling x4  
  48  4:49  Drone x2  
  48  4:50  Drone x3  
  52  5:00  Hatchery  
  52  5:04  Drone  
  52  5:05  Drone x3  
  52  5:06  Drone  
  53  5:24  Baneling x2  
  53  5:25  Drone, Baneling x2  
  53  5:26  Drone x4  
  58  5:30  Extractor  
  58  5:31  Roach Warren  
  58  5:34  Overlord  
  58  5:35  Drone x2  
  57  5:38  Drone  
  56  5:48  Drone x2  
  50  5:52  Extractor  
  50  5:57  Evolution Chamber x2  
  46  6:04  Drone  
  46  6:05  Drone x4  
  46  6:06  Spine Crawler  
  46  6:09  Queen  
  46  6:10  Roach x2  
  58  6:11  Roach  
  58  6:15  Roach  
  58  6:17  Roach  
  62  6:23  Zerg Missile Weapons Level 1  
  62  6:31  Zerg Ground Armor Level 1  
  62  6:38  Drone x5  
  62  6:39  Drone x4  
  71  6:42  Baneling x3  
  71  6:47  Roach  
  71  6:48  Roach  
  71  6:53  Overlord  
  75  6:56  Roach x2  
  76  7:27  Overlord  
  76  7:28  Roach x3, Drone  
  79  7:34  Lair  
  79  7:36  Drone x3  
  79  7:37  Drone  
  83  7:47  Roach, Overlord  
  83  7:48  Roach  
  83  7:50  Roach  
  89  7:53  Drone  
  90  8:03  Spore Crawler  
  89  8:06  Spore Crawler  
  89  8:11  Spore Crawler  
  85  8:16  Extractor, Spore Crawler  
  85  8:19  Queen  
  87  8:20  Spore Crawler  
  84  8:30  Overlord x2  
  83  8:39  Queen  
  85  8:43  Hydralisk Den, Spore Crawler  
  85  8:45  Drone  
  85  8:46  Drone x10  
  64  9:13  Zerg Ground Armor Level 2  
  64  9:15  Muscular Augments, Spore Crawler  
  63  9:19  Queen x2  
  63  9:21  Hydralisk x2  
  63  9:22  Hydralisk x6  
  83  9:33  Hydralisk x2  
  87  9:40  Hydralisk x2  
  91  9:49  Hatchery  
  90  10:14  Hatchery  
  87  10:26  Extractor  
  86  10:30  Drone  
  86  10:31  Drone x3  
  86  10:34  Zerg Missile Weapons Level 2  
  88  10:46  Queen  
  90  10:56  Roach x2  
  94  10:59  Overseer  
  94  11:00  Extractor  
  93  11:09  Roach x4, Extractor  
  100  11:25  Queen  
  102  11:40  Overlord x2  
  102  11:41  Overlord x4  
  102  11:52  Overlord x4  
  102  11:58  Hatchery  
  102  12:01  Queen  
  103  12:17  Hydralisk  
  103  12:20  Spore Crawler  
  104  12:35  Nydus Network  
  104  12:36  Queen, Hydralisk  
  104  12:37  Hydralisk x9  
  125  12:46  Drone x5  
  130  12:54  Roach x3  
  130  12:58  Zergling x2  
  137  13:02  Hydralisk  
  137  13:03  Hydralisk  
  141  13:06  Hydralisk  
  143  13:25  Hydralisk x5  
  153  13:35  Spore Crawler  
  133  13:50  Hydralisk  
  133  13:51  Hydralisk x6  
  142  14:04  Queen x2  
  146  14:17  Zergling x2  
  147  14:27  Queen x2  
  147  14:29  Overseer x2  
  151  14:40  Queen  
  149  15:14  Nydus Canal  
  149  15:15  Hydralisk x3  
  149  15:16  Hydralisk x8  
  171  15:27  Roach x4  
  179  15:32  Spore Crawler  
  179  15:35  Roach x2  
  182  16:01  Overlord  
  160  16:13  Hydralisk x11  
  172  16:23  Nydus Canal  
  170  16:42  Roach x8  
  170  16:43  Roach x2  
  190  16:51  Ravager  
  190  16:52  Overlord x2  
  181  17:45  Extractor x2  
  179  17:52  Infestation Pit  
  178  18:03  Hatchery  
Tags
 
Add a new tag
Caveats
  • Supply blocks, unpowered buildings, or Contaminate may cause inaccurate times.
  • Supply counts are checked every 10 seconds.